 Dungeon Crawl Stone Soup version 0.29.1-2-gbd0b4ee654 (webtiles) character file.

Game seed: 18023044299578059016

129 DemonSlayer the Firebug (level 4, -4/30 HPs)
             Began as a Demonspawn Fire Elementalist on Nov 4, 2022.
             Was an Initiate of Cheibriados.
             Slain by an orc
             ... wielding a +0 war axe
              (8 damage)
             ... on level 4 of the Dungeon.
             The game lasted 00:06:20 (3732 turns).

DemonSlayer the Firebug (DsFE)                      Turns: 3732, Time: 00:06:20

Health: -4/30      AC:  3    Str:  9    XL:     4   Next: 88%
Magic:  5/8        EV: 11    Int: 20    God:    Cheibriados [......]
Gold:   63         SH:  0    Dex: 14    Spells: 3/9 levels left

rFire   . . .      SeeInvis .   d - +0 dagger
rCold   . . .      Faith    .   (no shield)
rNeg    . . .      Spirit   .   e - +0 leather armour of Amorality {rElec rPois rCorr}
rPois   +          Reflect  .   (helmet restricted)
rElec   +          Harm     .   (no cloak)
rCorr   +          Rampage  .   (no gloves)
Will    .....                   (no boots)
Stlth   ++........              m - amulet of magic regeneration
HPRegen 0.10/turn               (no ring)
MPRegen 0.51/turn               (no ring)

@: invisible, very slow
A: antennae 1, weakness stinger 1, demonic touch 1
a: Renounce Religion


You were on level 4 of the Dungeon.
You worshipped Cheibriados.
Cheibriados was noncommittal.
You visited 2 branches of the dungeon, and saw 5 of its levels.

You collected 129 gold pieces.
You spent 66 gold pieces at shops.

Inventory:

Hand Weapons
 d - a +0 dagger (weapon)
Armour
 e - the +0 leather armour of Amorality (worn) {rElec rPois rCorr}
   (You found it on level 2 of the Dungeon)

   rElec:     It insulates you from electricity.
   rPois:     It protects you from poison.
   rCorr:     It protects you from acid and corrosion.
Jewellery
 m - an amulet of magic regeneration (around neck)
Wands
 n - a wand of mindburst (18)
Scrolls
 f - a scroll of fog {unknown}
 i - a scroll of blinking {unknown}
 j - a scroll of poison
 l - a scroll of teleportation {unknown}
 o - a scroll of identify {unknown}
 p - a scroll of fear {unknown}
 q - 3 scrolls of noise {unknown}
 s - a scroll of torment {unknown}
Potions
 a - a potion of ambrosia {unknown}
 b - a potion of heal wounds {unknown}
 c - a potion of invisibility
 g - a potion of curing
 h - 2 potions of haste {unknown}
 k - 2 potions of attraction {unknown}
 r - a potion of lignification {unknown}
 t - a potion of brilliance {unknown}


   Skills:
 + Level 0.1 Fighting
 + Level 0.2 Short Blades
 + Level 2.0 Dodging
 + Level 2.2 Stealth
 + Level 3.0 Spellcasting
 + Level 1.4 Conjurations
 + Level 3.9 Fire Magic


You had 3 spell levels left.
You knew the following spells:

 Your Spells              Type           Power      Damage    Failure   Level
a - Foxfire               Conj/Fire      56%        2x1d6     6%          1
b - Scorch                Fire           38%        2d6       6%          2
c - Conjure Flame         Conj/Fire      14%        6-21      19%         3

Your spell library contained the following spells:

 Spells                   Type           Power      Damage    Failure   Level
 Inner Flame              Hex/Fire       11%        N/A       26%         3
 Flame Wave               Conj/Fire      14%        2d6       54%         4


Dungeon Overview and Level Annotations

Branches:
Dungeon (4/15)             Temple (1/1) D:4

Altars:
Ashenzari
Cheibriados
Dithmenos
Hepliaklqana
Kikubaaqudgha
Makhleb
Nemelex Xobeh
Okawaru
Ru
Sif Muna
Trog
Uskayaw
Vehumet
Xom
Yredelemnul

Shops:
D:2 !


Innate Abilities, Weirdness & Mutations

You have a pair of small antennae on your head.
You have a small tail.
Your touch may inflict minor irresistible damage on your foes.


Message History

The kobold shouts!
The scorpion stings you but does no damage.
Flames lash the kobold.
The kobold is severely wounded.
The kobold's fire resistance burns away.
The endoplasm quivers.
The orc hits you with a +0 war axe. The scorpion misses you.
Flames lash the scorpion.
The scorpion is moderately wounded.
The scorpion's fire resistance burns away.
The scorpion misses you.
The orc complains loudly, in orcish tradition.
The orc hits you with a +0 war axe.
Flames lash the kobold.
The kobold is burned terribly!
You kill the kobold!
Cheibriados appreciates the change of pace.
The scorpion stings you! The orc barely misses you. The scorpion stings you.
* * * LOW HITPOINT WARNING * * *
You are lethally poisoned!
The scorpion poisons you!
You feel better. The orc hits you with a +0 war axe.
The scorpion barely misses you.
The air fills with toxic fumes!
As you read the scroll labelled QAMELY DUA, it crumbles to dust.
It was a scroll of poison.
The orc closely misses you. The endoplasm hits you.
* * * LOW HITPOINT WARNING * * *
The scorpion stings you.
* * * LOW HITPOINT WARNING * * *
You feel better.
The scorpion is no longer more vulnerable to fire.
The orc hits you with a +0 war axe.
* * * LOW HITPOINT WARNING * * *
The endoplasm barely misses you.
The scorpion stings you but does no damage.
It was a potion of invisibility.
You fade into invisibility!
The scorpion closely misses you.
The endoplasm hits you but does no damage.
The orc hits you with a +0 war axe!
You die...

.### #......
...§######§§§§§§§§ ###
#.#§§§§§§§§§§§§§§§ ...
#.# #§§§§§§§§§§§§ ...
##.###§§§§§§§§§§§.§
...###...§§§§§§§§§§§##§§
.......P.P§§§§§§§§§§§§§§
....#..)>§§§§§§§§J§§§##§
.....#.P)P§§§§§§@o§§§§§§
...#.....§§§§§§§§s§§§§§§
## ####.#§§§§§§§§§§§§#§§
#..§§§§§§§§§§§§§§§
###§§§#§§§§§#§§§§§
#.§§.§§§§§§§§§§§§
#.##§§§§§§§§.§§§§ #.
#§§§§§§§§§§§§§ ..
......[


You could see a scorpion (unable to see you), an orc (unable to see you) and an
endoplasm.

Vanquished Creatures
  Ijyb (D:4)
  2 adders (D:2)
  2 worms
  4 dart slugs
  5 orcs (D:3)
  3 endoplasms (D:2)
  A giant cockroach (D:2)
  6 goblins
  9 hobgoblins
  11 kobolds
  A quokka (D:2)
  7 ball pythons
  8 bats
  A frilled lizard (D:1)
  2 rats
63 creatures vanquished.

Vanquished Creatures (others)
  129 foxfires
129 creatures vanquished.

Grand Total: 192 creatures vanquished

Notes
Turn   | Place    | Note
-------+----------+-------------------------------------------
     0 | D:1      | DemonSlayer the Demonspawn Fire Elementalist began the
                  | quest for the Orb.
     0 | D:1      | Reached XP level 1. HP: 13/13 MP: 3/3
   498 | D:1      | Discovered your monstrous ancestry.
   498 | D:1      | Gained mutation: Your touch may inflict minor irresistible
                  | damage on your foes. [demonic ancestry]
   498 | D:1      | Reached XP level 2. HP: 7/19 MP: 0/5
   501 | D:1      | Learned a level 2 spell: Scorch
  1465 | D:2      | Gained mutation: You have a pair of small antennae on your
                  | head. [demonic ancestry]
  1465 | D:2      | Reached XP level 3. HP: 21/24 MP: 3/6
  1861 | D:2      | Identified the +0 leather armour of Amorality {rElec rPois
                  | rCorr}
  1883 | D:2      | Found Pinual's Distillery.
  1892 | D:2      | Bought a potion of curing for 33 gold pieces
  1892 | D:2      | Bought a potion of curing for 33 gold pieces
  2138 | D:2      | Gained mutation: You have a small tail. [demonic ancestry]
  2138 | D:2      | Reached XP level 4. HP: 28/30 MP: 1/7
  2364 | D:2      | Learned a level 3 spell: Conjure Flame
  3589 | D:4      | Found a staircase to the Ecumenical Temple.
  3597 | D:4      | Noticed Ijyb
  3601 | Temple   | Entered the Ecumenical Temple
  3668 | Temple   | Became a worshipper of Cheibriados the Contemplative
  3692 | D:4      | Killed Ijyb
  3723 | D:4      | Noticed a scorpion
  3732 | D:4      | Slain by an orc

Illustrated notes

Levels and vault maps discovered:
D:1:      minmay_arrival_jagged, layout_basic
D:2:      layout_basic, serial_shops, nicolae_shop_hallway_stairs,
          nrook_campfire, minmay_misc_feat_more_columns
D:3:      layout_basic, chequers_serial_rivers_micro_e, corexii_leaking_fountain
D:4:      layout_rooms, nicolae_qazlal_general_emergency,
          minmay_temple_entry_trees, uniq_ijyb, uniq_crazy_yiuf_cottage
Temple:   compressed_dpeg_triangle_lava_temple

Skill      XL: |  1  2  3  4 |
---------------+-------------+-----
Fire Magic     | 3 |  3.9
Stealth        | 2 |  2.2
Dodging        | 2 |  2.0
Spellcasting   | 3 |  3.0
Fighting       | |  0.1
Short Blades   | |  0.2
Conjurations   | |  1.4

Action                   |  1- 3 |  4- 6 || total
-------------------------+-------+-------++-------
Melee: Dagger            |    27 |    14 ||    41
       Touch             |     4 |     2 ||     6
       Tailslap          |       |     3 ||     3
 Cast: Foxfire           |    84 |       ||    84
       Scorch            |     9 |    29 ||    38
  Use: Potion            |     1 |     3 ||     4
       Scroll            |       |     1 ||     1
 Stab: Sleeping          |     2 |       ||     2
Armor: Robe              |     9 |       ||     9
       Leather armour    |       |     9 ||     9
Dodge: Dodged            |    25 |    17 ||    42
